 Dungeon Crawl Stone Soup version 0.24-a0-250-g6074511092 (webtiles) character file.

Game seed: 4123255689725554729

463 Redear the Ruffian (level 6, -3/62 HPs)
             Began as a Troll Berserker on Apr 14, 2019.
             Was a Believer of Trog.
             Slain by a wight
             ... wielding a +2 dire flail of freezing
              (4 damage)
             ... on level 6 of the Dungeon.
             The game lasted 00:07:33 (922 turns).

Redear the Ruffian (Troll Berserker)                 Turns: 922, Time: 00:07:34

Health: -3/62      AC:  6    Str: 26    XL:     6   Next: 79%
Magic:  5/5        EV: 11    Int:  3    God:    Trog [**....]
Gold:   173        SH:  0    Dex: 11    Spells: 5/5 levels left

rFire    . . .     SeeInvis .     - Unarmed
rCold    . . .     Gourm    +   (no shield)
rNeg     . . .     Faith    .   a - +0 animal skin
rPois    .         Spirit   .   (helmet restricted)
rElec    .         Reflect  .   (no cloak)
rCorr    .         Harm     .   (gloves unavailable)
MR       ++...                  (boots unavailable)
Stlth    +.........             (no amulet)
HPRegen  1.60/turn              y - +2 ring of slaying
MPRegen  0.09/turn              (no ring)

@: berserk cooldown, regenerating, slowed, lightly drained, very slow
A: large, unfitting armour, claws 3, fast metabolism 3, gourmand, regeneration
1, shaggy fur 1, tough skin 3
a: Berserk, Trog's Hand, Renounce Religion


You were on level 6 of the Dungeon.
You worshipped Trog.
Trog was pleased with you.
You were not hungry.

You visited 1 branch of the dungeon, and saw 6 of its levels.

You collected 173 gold pieces.

Inventory:

Armour
 a - a +0 animal skin (worn)
Jewellery
 y - a +2 ring of slaying (left claw)
Scrolls
 b - a scroll of remove curse {unknown}
 d - 2 scrolls of magic mapping {unknown}
 f - a scroll of random uselessness {unknown}
 g - 2 scrolls of fear {unknown}
 h - 3 scrolls of identify {unknown}
 k - 3 scrolls of teleportation {unknown}
 l - 3 scrolls of enchant armour {unknown}
Potions
 c - a potion of curing {unknown}
 e - a potion of heal wounds {unknown}
 i - a potion of haste {unknown}
 j - 2 potions of degeneration {unknown}
 m - 2 potions of agility {unknown}
 n - a potion of resistance {unknown}
 o - 2 potions of lignification {unknown}
Comestibles
 z - 4 rations


   Skills:
 + Level 4.2(3.6) Fighting
 + Level 4.2(3.6) Dodging
 + Level 5.0(4.5) Unarmed Combat


You had 5 spell levels left.
You didn't know any spells.
Your spell library was empty.

Dungeon Overview and Level Annotations

Branches:
Dungeon (6/15)
 Temple: D:4-7

Altars:


Innate Abilities, Weirdness & Mutations

You are too large for most types of armour.
You have claws for hands.
Your metabolism is lightning-fast.
You like to eat raw meat.
Your natural rate of healing is unusually fast.
You are covered in fur. (AC +1)
You have extremely tough skin. (AC +3)


Message History

You scratch the wight.
The wight is lightly damaged.
The wight hits you with a +2 dire flail of freezing!
The wight freezes you.
You take 18 damage, and have 19/62 hp.
MASSIVE DAMAGE!!
Unknown command.
You barely miss the wight.
The wight is lightly damaged.
The wight misses you.
You regained 2 hp, and now have 21/62 hp.
Unknown command.
Okay, then.
You scratch the wight.
The wight is lightly damaged.
The wight hits you with a +2 dire flail of freezing!
* * * LOW HITPOINT WARNING * * *
You feel drained.
* * * LOW HITPOINT WARNING * * *
The wight freezes you.
You die...

#####...###...............
............. ......$....
...........######.........
...........##...##........
....†......##)..##........
..........z.....)..#......
...............#.#######.#
...............#z# #
...............#@#
...####........#...#
...#...........#####
...............#
##.............#
#......#......
#.............
#..............
##..............


You could see a wight.

Vanquished Creatures
  Blork the orc (D:6)
  2 scorpions (D:6)
  3 wights (D:6)
  An orc wizard (D:4)
  2 worker ants
  3 adders
  4 gnolls (D:3)
  A worm (D:3)
  6 orcs (D:4)
  4 hobgoblins
  2 jackals (D:4)
  2 bats
  4 frilled lizards
  2 goblins
  4 kobolds (D:1)
  4 rats
45 creatures vanquished.

Notes
Turn   | Place    | Note
-------+----------+-------------------------------------------
     0 | D:1      | Redear the Troll Berserker began the quest for the Orb.
     0 | D:1      | Reached XP level 1. HP: 22/22 MP: 0/0
   117 | D:1      | Reached XP level 2. HP: 29/29 MP: 1/1
   424 | D:4      | Reached XP level 3. HP: 30/36 MP: 2/2
   468 | D:3      | Reached skill level 3 in Fighting
   468 | D:3      | Reached skill level 3 in Dodging
   469 | D:3      | Reached XP level 4. HP: 45/45 MP: 3/3
   476 | D:3      | Reached ** piety under Trog
   545 | D:5      | Entered Level 5 of the Dungeon
   594 | D:4      | Reached skill level 4 in Unarmed Combat
   643 | D:4      | Reached XP level 5. HP: 41/53 MP: 4/4
   880 | D:6      | Noticed Blork the orc
   898 | D:6      | Killed Blork the orc
   898 | D:6      | Reached XP level 6. HP: 62/62 MP: 5/5
   900 | D:6      | Reached skill level 4 in Fighting
   900 | D:6      | Reached skill level 4 in Dodging
   916 | D:6      | Reached skill level 5 in Unarmed Combat
   922 | D:6      | HP: 1/62 [wight/+2 dire flail of freezing (7)]
   922 | D:6      | Slain by a wight

Levels and vault maps discovered:
D:1:      matt_arrival_diagonals, layout_loops_ring
D:2:      layout_basic, nrook_mini_backslash, glass_columns_a, uniq_natasha,
          uniq_sigmund, uniq_terence
D:3:      layout_basic, first_ration, minmay_unequal
D:4:      layout_rooms, serial_co_window_serial, co_window_cross_1,
          co_window_paths_a, co_window_corner_a, co_window_corner_a,
          co_window_of_opportunity_a, co_window_paths_b, co_window_cross_1,
          co_window_of_opportunity_a, co_window_of_opportunity_a,
          co_window_broadway_a, co_window_of_opportunity_c, co_window_corner_ca,
          co_window_sun, glass_columns_b, glass_columns_b, glass_columns_b,
          glass_columns_c, serial_shops, shop_fountains
D:5:      layout_basic, slow_altar_2, nicolae_gozag_seed_capital,
          minmay_misc_feat_more_columns
D:6:      layout_basic, minmay_temple_entry_tees, minmay_misc_feat_ornament,
          guppyfry_shop_venom, uniq_duvessa, uniq_blork_the_orc

Skill      XL: |  1  2  3  4  5  6 |
---------------+-------------------+-----
Fighting       | 3 4 |  4.2
Dodging        | 3 4 |  4.2
Unarmed Combat | 4 5 |  5.0

Action                   |  1- 3 |  4- 6 || total
-------------------------+-------+-------++-------
Melee: Unarmed           |    56 |    68 ||   124
       Punch             |     1 |       ||     1
Invok: Berserk           |     1 |     1 ||     2
       Trog's Hand       |       |     1 ||     1
  Eat: Chunk             |     1 |     7 ||     8
Armor: Animal skin       |    18 |    20 ||    38
Dodge: Dodged            |    31 |    33 ||    64

Table legend:
 A = Non-vault XP
 B = Vault XP
 C = Vault XP percentage of total XP
 D = Non-vault monster count
 E = Vault monster count
 F = Vault count percentage of total count
                 A         B        C        D         E       F
            +---------+---------+-------+---------+---------+-------
      Total |     563 |      99 |  15.0 |      44 |       1 |   2.2
            +---------+---------+-------+---------+---------+-------
        D:1 |      16 |       0 |   0.0 |      13 |       0 |   0.0
        D:2 |       9 |       0 |   0.0 |       6 |       0 |   0.0
        D:3 |      64 |       0 |   0.0 |       6 |       0 |   0.0
        D:4 |     118 |       0 |   0.0 |      12 |       0 |   0.0
        D:6 |     356 |      99 |  21.8 |       7 |       1 |  12.5
            +---------+---------+-------+---------+---------+-------
